 Seeded DCSS version 0.30-a0-718-geaa24f58ff (webtiles) character file.

Game seed: 6200917008125671504 (custom seed)

281 voltaire321 the Stinger (level 6, -1/39 HPs)
             Began as a Merfolk Venom Mage on Jan 25, 2023.
             Was a Follower of Hepliaklqana.
             Slain by an iguana (11 damage)
             ... on level 4 of the Dungeon.
             The game lasted 00:07:07 (3039 turns).

voltaire321 the Stinger (Merfolk Venom Mage)        Turns: 3039, Time: 00:07:08

Health: -1/39      AC:  3    Str:  9    XL:     6   Next: 27%
Magic:  10/10      EV: 13    Int: 22    God:    Hepliaklqana [*.....]
Gold:   182        SH:  0    Dex: 14    Spells: 4/11 levels left

rFire   . . .      SeeInvis +    l - +9 spear "Umnubes" {elec, Fragile rN+ Will+ SInv}
rCold   . . .      Faith    .    (no shield)
rNeg    + . .      Spirit   .    a - +0 robe
rPois   .          Reflect  .    e - +1 hat
rElec   .          Harm     .    (no cloak)
rCorr   .          Rampage  .    (no gloves)
Will    +....                    (no boots)
Stlth   ++                       (no amulet)
HPRegen 0.26/turn                f - ring of wizardry
MPRegen 0.12/turn                h - +6 ring of intelligence

@: no status effects
A: reduced essence, (nimble swimmer 2), mertail
a: Renounce Religion, Recall Ancestor, Ancestor Identity


You were on level 4 of the Dungeon.
You worshipped Hepliaklqana.
Hepliaklqana was aware of your devotion.
You visited 1 branch of the dungeon, and saw 4 of its levels.

You collected 182 gold pieces.

Inventory:

Hand Weapons
 c - a +0 falchion
 l - the +9 spear "Umnubes" (weapon) {elec, Fragile rN+ Will+ SInv}
   (You found it on level 2 of the Dungeon)

   rN:        It protects you from negative energy.
   SInv:      It lets you see invisible.
   Fragile:   It will be destroyed if unequipped.
   Will:      It increases your willpower.
 m - a +2 dagger of draining
 p - the +9 short sword of Petwy {holy, rPois MP+9}
   (You found it on level 3 of the Dungeon)

   rPois:     It protects you from poison.
   MP:        It affects your magic capacity (+9).
Armour
 a - a +0 robe (worn)
 e - a +1 hat (worn)
Jewellery
 f - a ring of wizardry (left hand)
 h - a +6 ring of intelligence (right hand)
Scrolls
 g - 4 scrolls of teleportation {unknown}
 i - a scroll of amnesia {unknown}
 j - a scroll of butterflies {unknown}
 k - 3 scrolls of identify {unknown}
 n - 2 scrolls of blinking {unknown}
 o - 2 scrolls of poison {unknown}
 s - a scroll of silence {unknown}
 t - a scroll of brand weapon {unknown}
 v - 2 scrolls of torment {unknown}
Potions
 b - 2 potions of magic
 d - 4 potions of curing {unknown}
 q - 2 potions of berserk rage {unknown}
 r - 2 potions of haste {unknown}
 u - a potion of invisibility {unknown}
 w - 2 potions of attraction {unknown}
 x - a potion of brilliance {unknown}


   Skills:
 + Level 2.2 Fighting
 + Level 2.1 Polearms
 + Level 0.9 Armour
 + Level 4.1 Dodging
 - Level 2.3 Stealth
 + Level 3.0 Spellcasting
 + Level 3.5 Transmutations
 + Level 4.2 Poison Magic


You had 4 spell levels left.
You knew the following spells:

 Your Spells              Type           Power      Damage    Failure   Level
a - Sting                 Tmut/Pois      80%        1d7       1%          1
b - Poisonous Vapours     Pois/Air       24%        N/A       3%          2
c - Olgreb's Toxic Radia  Pois           21%        N/A       9%          4

Your spell library contained the following spells:

 Spells                   Type           Power      Damage    Failure   Level
 Mephitic Cloud           Conj/Pois/Air  9%         N/A       9%          3


Dungeon Overview and Level Annotations

Branches:
Dungeon (4/15)
 Temple: D:4-7

Altars:
Hepliaklqana
Qazlal
Xom


Innate Abilities, Weirdness & Mutations

Your life essence is reduced to manifest your ancestor. (-10% HP)
((You are very nimble when in or above water. (Stealth+, EV+, Speed+++)))
Your lower body shifts to a powerful aquatic tail in water.


Message History

You puncture the giant cockroach!
You kill the giant cockroach!
w - 2 silvery potions (gained 1)
Found 3 stones.
You see here 3 stones.
You open the door.
There is an open door here.
You open the door.
There is an open door here.
You swap places.
An orc comes into view. It is wielding a +0 flail.
The orc misses you.
You puncture the orc!
You kill the orc!
Found a stone staircase leading down.
You see here a +0 flail.
You swap places.
Found a stone staircase leading up.
x - a sedimented sapphire potion
g - 4 scrolls labelled QUSABB KAIMOY (gained 1)
An iguana comes into view.
The helpless iguana fails to defend itself.
You hit the iguana but do no damage. The iguana bites you!
You hit the iguana.
The iguana is lightly wounded.
The iguana bites you!
You hit the iguana.
The iguana is moderately wounded.
The iguana completely misses you.
You hit the iguana but do no damage.
The iguana is moderately wounded.
The iguana barely misses you.
You barely miss the iguana.
The iguana is moderately wounded.
The iguana bites you!
* * * LOW HITPOINT WARNING * * *
You puncture the iguana!
The iguana is severely wounded.
The iguana bites you!
You die...

#.# ##.##....#.#
#######.# #
###..#.#
####.....#.# #
#......#
...'.....'.#
#.##.#....#
####.....###
#.......#.#
#.....#
...####.##.#.#
#.....#
#.......<...#
#######
#.#######..#.###
#...l@R....#.#
##########.#.#
.#.# .# .# .# .#


You could see the friendly Xiloxoch the ancestor and an iguana (ally target).

Vanquished Creatures
  A black bear (D:4)
  A jelly (D:1)
  An orc priest (D:3)
  An iguana (D:4)
  3 adders
  5 orcs
  5 ball pythons
  5 bats
  8 endoplasms
  10 giant cockroaches
  2 goblins
  4 hobgoblins
  7 jackals
  4 kobolds
  2 quokkas (D:3)
  3 frilled lizards
  6 rats
68 creatures vanquished.

Vanquished Creatures (collateral kills)
  A ball python (D:4)
1 creature vanquished.

Grand Total: 69 creatures vanquished

Notes
Turn   | Place    | Note
-------+----------+-------------------------------------------
     0 | D:1      | voltaire321 the Merfolk Venom Mage began the quest for the
                  | Orb.
     0 | D:1      | Reached XP level 1. HP: 13/13 MP: 3/3
     1 | D:1      | Found a runed translucent door.
     3 | D:1      | Noticed a jelly
   252 | D:1      | Reached XP level 2. HP: 19/19 MP: 3/5
   457 | D:1      | Learned a level 2 spell: Poisonous Vapours
   704 | D:1      | Reached XP level 3. HP: 22/25 MP: 6/6
   732 | D:1      | Reached skill level 1 in Fighting
   732 | D:1      | Reached XP level 4. HP: 8/32 MP: 4/7
  1020 | D:2      | Learned a level 4 spell: Olgreb's Toxic Radiance
  1088 | D:2      | Found a shimmering altar of Xom.
  1098 | D:2      | Identified the +9 spear "Umnubes" {elec, Fragile rN+ Will+
                  | SInv}
  1812 | D:3      | Found a hazy altar of Hepliaklqana.
  1832 | D:3      | Became a worshipper of Hepliaklqana the Forgotten
  1857 | D:3      | Reached XP level 5. HP: 38/38 MP: 9/9
  1868 | D:3      | Reached skill level 1 in Polearms
  2037 | D:3      | Identified the +9 short sword of Petwy {holy, rPois MP+9}
  2557 | D:4      | Found a stormy altar of Qazlal.
  2561 | D:4      | Reached * piety under Hepliaklqana
  2643 | D:4      | Noticed a black bear
  2649 | D:4      | Killed a black bear
  2650 | D:4      | Reached XP level 6. HP: 39/39 MP: 7/10
  3039 | D:4      | Slain by an iguana

Illustrated notes

Levels and vault maps discovered:
D:1:      dpeg_arrival_caged_fury, layout_basic
D:2:      layout_basic, basic_altar
D:3:      layout_basic, lemuel_tele_altar
D:4:      layout_basic, mainiacjoe_overflow_surrounded_room, minivault_26

Skill      XL: |  1  2  3  4  5 |
---------------+----------------+-----
Dodging        | 3 4 |  4.1
Transmutations | 2 3 |  3.5
Fighting       | 1 2 |  2.2
Polearms       | 2 |  2.1
Spellcasting   | 3 |  3.0
Poison Magic   | 4 |  4.2
Armour         | |  0.9
Stealth        | |  2.3

Action                     |  1- 3 |  4- 6 || total
---------------------------+-------+-------++-------
  Melee: Falchion          |    63 |    25 ||    88
         Unarmed           |     6 |       ||     6
         Punch             |     2 |       ||     2
         Spear             |       |    71 ||    71
   Cast: Sting             |    12 |     4 ||    16
         Poisonous Vapours |       |     1 ||     1
   Stab: Sleeping          |     2 |    11 ||    13
 Armour: Robe              |    22 |    18 ||    40
  Dodge: Dodged            |    73 |    36 ||   109

Table legend: (Time is in decaauts)
 A = Elapsed time spent in this place.
 B = Non-inter-level travel time spent in this place.
 C = Inter-level travel time spent in this place.
 D = Time resting spent in this place.
 E = Time spent auto-exploring this place.
 F = Levels seen in this place.
 G = Mean time per level.
                   A        B        C        D        E       F      G
               +--------+--------+--------+--------+--------+-----+--------+
         Total |   3066 |   2965 |    101 |    151 |   2121 |   4 |  766.5 |
       Dungeon |   3066 |   2965 |    101 |    151 |   2121 |   4 |  766.5 |
               +--------+--------+--------+--------+--------+-----+--------+

Top non-repeatable levels by time:
     D:3: 947 daAuts
     D:1: 860 daAuts
     D:2: 732 daAuts
     D:4: 526 daAuts
